 Dungeon Crawl Stone Soup version 0.31-a0-1-g4198be8af4 (webtiles) character file.

Game seed: 8025758747481701579

578 jasper the Purveyor of Pain (level 7, -1/47 HPs)
             Began as a Demonspawn Necromancer on May 1, 2023.
             Was an Initiate of Kikubaaqudgha.
             Slain by an ice beast (11 damage)
             ... on level 5 of the Dungeon.
             The game lasted 00:05:39 (3273 turns).

jasper the Purveyor of Pain (DsNe)                  Turns: 3273, Time: 00:05:40

Health: -1/47      AC:  2    Str:  9    XL:     7   Next: 13%
Magic:  9/19       EV: 11    Int: 18    God:    Kikubaaqudgha [......]
Gold:   275        SH:  5    Dex: 13    Spells: 2/10 levels left

rFire   . . .        q - +3 club (spect)
rCold   . . .        t - +0 buckler
rNeg    . . .        a - +0 robe
rPois   .            (helmet restricted)
rElec   .            (no cloak)
rCorr   .            (no gloves)
SInv    .            (no boots)
Will    .....        j - amulet of magic regeneration
Stlth   ++           c - ring of magical power
HPRegen 0.27/turn    (no ring)
MPRegen 0.56/turn

%: no passive effects
@: no status effects
A: antennae 2, ignite blood 1, powered by death 2
a: Renounce Religion


You were on level 5 of the Dungeon.
You worshipped Kikubaaqudgha.
Kikubaaqudgha was noncommittal.
You visited 1 branch of the dungeon, and saw 5 of its levels.

You collected 275 gold pieces.

Inventory:

Hand Weapons
 d - a +0 dagger
 e - a +0 short sword
 p - a +0 rapier
 q - a +3 spectral club (weapon)
Missiles
 f - 4 boomerangs
Armour
 a - a +0 robe (worn)
 t - a +0 buckler (worn)
Jewellery
 c - a ring of magical power (left hand)
 i - an amulet of the acrobat
 j - an amulet of magic regeneration (around neck)
Scrolls
 g - 2 scrolls of teleportation
 h - 2 scrolls of amnesia
 m - a scroll of blinking
 n - 2 scrolls of identify
 o - a scroll of vulnerability {unknown}
Potions
 b - 2 potions of magic
 l - 3 potions of brilliance
 r - a potion of berserk rage
 u - a potion of heal wounds


   Skills:
 - Level 0.6 Fighting
 - Level 2.0 Dodging
 - Level 1.7 Stealth
 - Level 4.0 Shields
 - Level 2.0 Spellcasting
 + Level 7.8 Necromancy


You had 2 spell levels left.
You knew the following spells:

 Your Spells              Type           Power      Damage    Failure   Level
a - Necrotise             Necr           100%       1d9       1%          1
b - Vampiric Draining     Necr           30%        2d8       3%          3
c - Animate Dead          Necr           30%        N/A       11%         4

Your spell library contained the following spells:

 Spells                   Type           Power      Damage    Failure   Level
 Foxfire                  Conj/Fire      4%         2x1d4     26%         1
 Poisonous Vapours        Pois/Air       2%         N/A       36%         2
 Agony                    Necr           30%        N/A       28%         5
 Mephitic Cloud           Conj/Pois/Air  1%         N/A       61%         3
 Fireball                 Conj/Fire      0%         3d3       100%        5
 Freezing Cloud           Conj/Ice/Air   0%         6-21      100%        5
 Plasma Beam              Fire/Air       0%         2x1d11    100%        6
 Starburst                Conj/Fire      0%         6d3       100%        6


Dungeon Overview and Level Annotations

Branches:
Dungeon (5/15)             Temple (0/1) D:5

Altars:
Kikubaaqudgha

Annotations:
D:4 Edmund


Innate Abilities, Weirdness & Mutations

You have a pair of antennae on your head.
Your demonic aura sometimes causes spilled blood to erupt in flames.
You regenerate health from kills.


Message History

Casting: Vampiric Draining (dangerous; 3% risk of failure)
Confirm with . or Enter, or press ? or * to list all spells.
Aiming: Vampiric Draining (dangerous; 3% risk of failure)
Press: ? - help, Shift-Dir - straight line, f - ice beast
Aim: an ice beast (lightly wounded, not watching you, ally target)
You draw life force from the ice beast.
You feel life coursing into your body.
Your +3 spectral club disappears.
The ice beast closely misses you.
You regained 2 hp, and now have 26/47 hp.
You now have 16/19 mp.
Casting: Vampiric Draining (dangerous; 3% risk of failure)
Confirm with . or Enter, or press ? or * to list all spells.
Aiming: Vampiric Draining (dangerous; 3% risk of failure)
Press: ? - help, Shift-Dir - straight line, f/p - ice beast
Aim: an ice beast (moderately wounded)
You draw life force from the ice beast!
You feel life coursing into your body. The ice beast hits you.
The ice beast freezes you!
You take 11 damage, and have 15/47 hp.
MASSIVE DAMAGE!!
You now have 14/19 mp.
Casting: Vampiric Draining (dangerous; 3% risk of failure)
Confirm with . or Enter, or press ? or * to list all spells.
Aiming: Vampiric Draining (dangerous; 3% risk of failure)
Press: ? - help, Shift-Dir - straight line, f/p - ice beast
Aim: an ice beast (heavily wounded)
You draw life force from the ice beast.
You feel life coursing into your body. The ice beast hits you.
* * * LOW HITPOINT WARNING * * *
The ice beast freezes you.
* * * LOW HITPOINT WARNING * * *
You take 6 damage, and have 9/47 hp.
You now have 11/19 mp.
Casting: Vampiric Draining (dangerous; 3% risk of failure)
Confirm with . or Enter, or press ? or * to list all spells.
Aiming: Vampiric Draining (dangerous; 3% risk of failure)
Press: ? - help, Shift-Dir - straight line, f/p - ice beast
Aim: an ice beast (severely wounded)
You draw life force from the ice beast!
You feel life coursing into your body. The ice beast hits you.
* * * LOW HITPOINT WARNING * * *
The ice beast freezes you!
You die...
Kikubaaqudgha rasps: "You have failed me!
Welcome... death!"

#### ...# ##.# #.#
##### ##.## #...
#.<.############.#
#................##
#.)..#####........#
#..>.# #.#....@Y#
#....#
#...###........
###### #..##
#..######
#...###....
#.......>### #...#
#.)# ###...###... #
#..........# #
#.#).†.####.


You could see an ice beast.

Vanquished Creatures
  A black bear (D:5)
  A centaur (D:4)
  2 scorpions (D:5)
  A hound (D:5)
  2 orc priests
  Jessica (D:2)
  An orc wizard (D:3)
  A sleepcap (D:5)
  4 adders
  2 worms
  2 dart slugs
  6 orcs
  5 ball pythons
  5 endoplasms
  3 giant cockroaches
  5 goblins
  7 hobgoblins
  7 jackals (D:1)
  2 quokkas (D:2)
  5 bats
  3 frilled lizards
  7 kobolds
  10 rats
83 creatures vanquished.

Vanquished Creatures (collateral kills)
  A goblin (D:1)
1 creature vanquished.

Vanquished Creatures (others)
  A human (D:3)
1 creature vanquished.

Grand Total: 85 creatures vanquished

Notes
Turn   | Place    | Note
-------+----------+-------------------------------------------
     0 | D:1      | jasper the Demonspawn Necromancer began the quest for the
                  | Orb.
     0 | D:1      | Reached XP level 1. HP: 13/13 MP: 3/3
   230 | D:1      | Gained mutation: You regenerate a little health from kills.
                  | [demonic ancestry]
   230 | D:1      | Reached XP level 2. HP: 19/19 MP: 5/5
   234 | D:1      | Reached skill level 5 in Necromancy
   741 | D:1      | Gained mutation: You regenerate health from kills. [demonic
                  | ancestry]
   741 | D:1      | Reached XP level 3. HP: 23/24 MP: 6/6
   901 | D:1      | Learned a level 3 spell: Vampiric Draining
  1012 | D:2      | Noticed a golden eye
  1014 | D:2      | Found a faded altar of an unknown god.
  1016 | D:2      | Noticed a golden eye
  1016 | D:2      | Noticed a shining eye
  1016 | D:2      | Noticed a shining eye
  1189 | D:2      | Noticed Jessica
  1199 | D:2      | Killed Jessica
  1200 | D:2      | Reached skill level 6 in Necromancy
  1410 | D:2      | Gained mutation: You have a pair of small antennae on your
                  | head. [demonic ancestry]
  1410 | D:2      | Reached XP level 4. HP: 29/30 MP: 7/7
  1751 | D:2      | Identified a scroll of acquirement
  1751 | D:2      | Acquired an amulet of magic regeneration
  1927 | D:3      | Reached skill level 1 in Shields
  2066 | D:3      | Found an ancient bone altar of Kikubaaqudgha.
  2073 | D:3      | Reached XP level 5. HP: 27/36 MP: 6/8
  2086 | D:3      | Noticed a human
  2087 | D:3      | Killed a human
  2091 | D:3      | Became a worshipper of Kikubaaqudgha
  2699 | D:4      | Noticed a centaur
  2705 | D:4      | Killed a centaur
  2706 | D:4      | Gained mutation: Your demonic aura sometimes causes spilled
                  | blood to erupt in flames. [demonic ancestry]
  2706 | D:4      | Reached XP level 6. HP: 39/42 MP: 9/9
  2781 | D:4      | Noticed Edmund
  2814 | D:5      | Entered Level 5 of the Dungeon
  2873 | D:5      | Learned a level 4 spell: Animate Dead
  2962 | D:5      | Reached skill level 7 in Necromancy
  3009 | D:5      | HP: 2/42 [scorpion (6)]
  3012 | D:5      | Gained mutation: You have a pair of antennae on your head.
                  | [demonic ancestry]
  3012 | D:5      | Reached XP level 7. HP: 15/47 MP: 2/10
  3235 | D:5      | Found a staircase to the Ecumenical Temple.
  3273 | D:5      | Slain by an ice beast

Illustrated notes

Levels and vault maps discovered:
D:1:      dpeg_arrival_tiny_d, layout_rooms, patterned_corridor
D:2:      layout_basic, basic_altar, hellmonk_ecumenical_altar_watching_god,
          minmay_circle_x, uniq_jessica
D:3:      layout_basic, tgw_kikubaaqudgha, zin_treasury
D:4:      layout_rooms, hellmonk_okawaru_the_only_friend_you_need,
          nicolae_tso_swordbearing_angel, amcnicky_mini_pool_small, uniq_edmund,
          uniq_ijyb, uniq_menkaure
D:5:      layout_loops_ring, minmay_temple_entry_offerings, sigmund_army

Skill      XL: |  1  2  3  4  5  6 |
---------------+-------------------+-----
Necromancy     | 5 6 7 |  7.8
Dodging        | 2 |  2.0
Shields        | 2 3 4 |  4.0
Fighting       | |  0.6
Stealth        | |  1.7
Spellcasting   | |  2.0

Action                     |  1- 3 |  4- 6 |  7- 9 || total
---------------------------+-------+-------+-------++-------
  Melee: Unarmed           |     4 |       |       ||     4
         Dagger            |     3 |       |       ||     3
         Short sword       |     8 |       |       ||     8
         Club              |     7 |    94 |     8 ||   109
   Cast: Necrotise         |    59 |       |       ||    59
         Vampiric Draining |       |    30 |     4 ||    34
    Use: Scroll            |     4 |     7 |       ||    11
         Potion            |       |     3 |       ||     3
   Stab: Sleeping          |     1 |     6 |       ||     7
 Armour: Robe              |     7 |    20 |     2 ||    29
  Dodge: Dodged            |    27 |   106 |     4 ||   137
  Block: Buckler           |       |    11 |     2 ||    13

Table legend: (Time is in decaauts)
 A = Elapsed time spent in this place.
 B = Non-inter-level travel time spent in this place.
 C = Inter-level travel time spent in this place.
 D = Time resting spent in this place.
 E = Time spent auto-exploring this place.
 F = Levels seen in this place.
 G = Mean time per level.
                   A        B        C        D        E       F      G
               +--------+--------+--------+--------+--------+-----+--------+
         Total |   3308 |   3251 |     57 |    125 |   2426 |   5 |  661.6 |
       Dungeon |   3308 |   3251 |     57 |    125 |   2426 |   5 |  661.6 |
               +--------+--------+--------+--------+--------+-----+--------+

Top non-repeatable levels by time:
     D:2: 985 daAuts
     D:1: 928 daAuts
     D:3: 795 daAuts
     D:5: 467 daAuts
     D:4: 132 daAuts
